 Dungeon Crawl Stone Soup version 0.32-a0-981-g384da2ce10 (webtiles) character file.

Game seed: 4325093840688764449

1571997 MojitoSuave the Slayer (level 25, 230/230 HPs)
             Began as a Demonspawn Gladiator on Apr 20, 2024.
             Was a High Priest of Wu Jian.
             Escaped with the Orb
             ... and 3 runes!
             The game lasted 04:56:44 (74292 turns).

MojitoSuave the Slayer (Demonspawn Gladiator)      Turns: 74292, Time: 04:56:44

Health: 230/230    AC: 40    Str: 25    XL:     25   Next: 16%
Magic:  20/20      EV: 18    Int: 13    God:    Wu Jian [*****.]
Gold:   2071       SH:  0    Dex: 15    Spells: 19/24 levels left

rFire   + + +        D - +9 triple sword (freeze)
rCold   + . .        (shield currently unavailable)
rNeg    + . .        B - +8 gold dragon scales
rPois   +            h - +5 helmet of the Fisher {rCorr}
rElec   +            X - scarf of Karhiud {repulsion, rPois rF+}
rCorr   +            (gloves unavailable)
SInv    .            J - +2 pair of boots {rampage}
Will    ++++.        i - amulet of faith Stlth
                     S - ring "Bimikhlut" {*Corrode rN+ EV+5 Str+3 Stlth+}
HPRegen 0.58/turn    V - ring of Bodily Harmony {rElec rPois Will+++ rCorr Str-2}
MPRegen 0.17/turn

%: corrode self (3%), repel missiles, rampage, faith
@: no status effects
A: demonic guardian 2, spiny 3, augmentation 2, sharp scales 3, demonic touch 3,
hooves 1, clever 1, deformed body, fire resistance 1, low MP 1, sense
surroundings 1, screaming 1, MP-powered wands, noise suppression
0: Orb of Zot
}: 3/15 runes: serpentine, barnacled, silver
a: Renounce Religion, Wall Jump, Serpent's Lash, Heavenly Storm


You escaped.
You worshipped Wu Jian.
Wu Jian was extremely pleased with you.
You visited 9 branches of the dungeon, and saw 47 of its levels.
You also visited: Gauntlet and Volcano.

You collected 7510 gold pieces.
You spent 5439 gold pieces at shops.

Inventory:

Hand Weapons
 s - the +8 pair of quick blades "Gyre" and "Gimble" {protect}
   (You took it off a deep elf demonologist on level 3 of the Elven Halls)
 D - a +9 triple sword of freezing (weapon)
 I - a +2 demon blade of venom
 Q - a +0 double sword of protection
Missiles
 d - 6 throwing nets (quivered)
Armour
 h - the +5 helmet of the Fisher (worn) {rCorr}
   (You found it on level 3 of the Elven Halls)

   rCorr:     It protects you from acid and corrosion.
 B - +8 gold dragon scales (worn)
 J - a +2 pair of boots of rampaging (worn)
 X - the scarf of Karhiud (worn) {repulsion, rPois rF+}
   (You bought it in a shop on level 2 of the Orcish Mines)

   rF+:       It protects you from fire.
   rPois:     It protects you from poison.
Jewellery
 f - the ring "Cockaycou" {rCorr EV+5 Dex+2}
   (You took it off a deep elf annihilator on level 3 of the Elven Halls)

   [ring of evasion]

   EV+5:      It affects your evasion (+5).
   Dex+2:     It affects your dexterity (+2).
   rCorr:     It protects you from acid and corrosion.
 i - an amulet of faith (around neck)
 w - a ring of flight
 y - the ring "Daofip" {rPois Slay+5}
   (You found it on level 5 of the Vaults)

   [ring of poison resistance]

   Slay+5:    It affects your accuracy & damage with ranged weapons and melee
   (+5).
   rPois:     It protects you from poison.
 E - a ring of ice
 H - the ring "Cafow" {rPois rN+ Int+3 SInv}
   (You acquired it on level 5 of the Dungeon)

   [ring of see invisible]

   Int+3:     It affects your intelligence (+3).
   rPois:     It protects you from poison.
   rN+:       It protects you from negative energy.
   SInv:      It lets you see invisible.
 O - the ring of the Ban {rF++ SInv}
   (You took it off an ironbound convoker on level 5 of the Vaults)

   [ring of see invisible]

   rF++:      It greatly protects you from fire.
   SInv:      It lets you see invisible.
 S - the ring "Bimikhlut" (left hand) {*Corrode rN+ EV+5 Str+3 Stlth+}
   (You bought it in a shop on level 4 of the Depths)

   [ring of evasion]

   EV+5:      It affects your evasion (+5).
   Str+3:     It affects your strength (+3).
   rN+:       It protects you from negative energy.
   *Corrode:  It may corrode you when you take damage.
   Stlth+:    It makes you more stealthy.
 V - the ring of Bodily Harmony (right hand) {rElec rPois Will+++ rCorr Str-2}
   (You bought it in a shop on level 4 of the Depths)

   [ring of poison resistance]

   Str-2:     It affects your strength (-2).
   rElec:     It insulates you from electricity.
   rPois:     It protects you from poison.
   Will+++:   It greatly increases your willpower.
   rCorr:     It protects you from acid and corrosion.
Wands
 K - a wand of digging (17)
Scrolls
 c - 3 scrolls of enchant weapon
 g - 4 scrolls of brand weapon
 k - 8 scrolls of fear
 x - 2 scrolls of noise
 M - 2 scrolls of teleportation
 R - 32 scrolls of identify
 T - a scroll of revelation
Potions
 a - 10 potions of curing
 e - 5 potions of enlightenment
 l - 8 potions of heal wounds
 o - 2 potions of magic
 t - 10 potions of mutation
 u - 3 potions of might
 v - 3 potions of lignification
 A - a potion of invisibility
 C - 3 potions of cancellation
 G - 4 potions of attraction
 L - 2 potions of haste
 N - 5 potions of resistance
 Z - 4 potions of berserk rage
Miscellaneous
 j - a phantom mirror
 r - a phial of floods
 W - a lightning rod (4/4)


   Skills:
 - Level 26.0 Fighting
 - Level 22.4 Long Blades
 - Level 2.7 Axes
 - Level 1.7 Throwing
 + Level 23.2 Armour
 + Level 19.5 Dodging


You had 19 spell levels left.
You knew the following spells:

 Your Spells              Type           Power      Damage    Failure   Level
a - Lesser Beckoning      Tloc           0%         N/A       99%         2
b - Swiftness             Air            0%         N/A       100%        3

Your spell library contained the following spells:

 Spells                   Type           Power      Damage    Failure   Level
 Foxfire                  Conj/Fire      0%         2x1d4     97%         1
 Freeze                   Ice            0%         1d3       97%         1
 Kiss of Death            Conj/Necr      0%         2d5       97%         1
 Sandblast                Erth           0%         2d4       97%         1
 Shock                    Conj/Air       0%         1d3       97%         1
 Summon Small Mammal      Summ           0%         N/A       97%         1
 Ensorcelled Hibernation  Hex/Ice        0%         N/A       99%         2
 Static Discharge         Conj/Air       0%         3-3/arc   99%         2
 Sublimation of Blood     Necr           0%         N/A       99%         2
 Call Canine Familiar     Summ           0%         N/A       100%        3
 Confusing Touch          Hex            0%         N/A       100%        3
 Fugue of the Fallen      Necr           0%         N/A       100%        3
 Hailstorm                Conj/Ice       0%         3d5       100%        3
 Inner Flame              Hex/Fire       0%         N/A       100%        3
 Maxwell's Portable Pile  Tloc           0%         2d(5-13)  100%        3
 Passwall                 Erth           0%         N/A       100%        3
 Stone Arrow              Conj/Erth      0%         3d7       100%        3
 Summon Ice Beast         Ice/Summ       0%         N/A       100%        3
 Teleport Other           Tloc           0%         N/A       100%        3
 Volatile Blastmotes      Fire/Tloc      0%         2d10      100%        3
 Airstrike                Air            0%         2d(0-16)  100%        4
 Anguish                  Hex/Necr       0%         N/A       100%        4
 Animate Armour           Summ/Erth      0%         N/A       100%        4
 Animate Dead             Necr           0%         N/A       100%        4
 Dispel Undead            Necr           0%         3d6       100%        4
 Fulminant Prism          Conj/Alch      0%         3d5       100%        4
 Iskenderun's Mystic Bla Conj/Tloc 0%             2d3        (+2d1     100%        4
 Leda's Liquefaction      Alch/Erth      0%         N/A       100%        4
 Passage of Golubria      Tloc           0%         N/A       100%        4
 Petrify                  Alch/Erth      0%         N/A       100%        4
 Summon Blazeheart Golem  Fire/Summ      0%         N/A       100%        4
 Summon Lightning Spire   Summ/Air       0%         N/A       100%        4
 Vhi's Electric Charge    Tloc/Air       0%         N/A       100%        4
 Alistair's Intoxication  Alch           0%         N/A       100%        5
 Arcjolt                  Conj/Air       0%         1d10      100%        5
 Borgnjor's Vile Clutch   Necr/Erth      0%         N/A       100%        5
 Curse of Agony           Necr           0%         N/A       100%        5
 Irradiate                Conj/Alch      0%         3d11      100%        5
 Lee's Rapid Deconstruct  Erth           0%         3d4*      100%        5
 Silence                  Hex/Air        0%         N/A       100%        5
 Summon Forest            Summ/Tloc      0%         N/A       100%        5
 Summon Mana Viper        Hex/Summ       0%         N/A       100%        5
 Death Channel            Necr           0%         N/A       100%        6
 Dispersal                Tloc           0%         N/A       100%        6
 Eringya's Noxious Bog    Alch           0%         4d6       100%        6
 Gell's Gavotte           Tloc           0%         2d(11-16) 100%        6
 Permafrost Eruption      Ice/Erth       0%         2x4d1     100%        6
 Plasma Beam              Fire/Air       0%         2x1d10    100%        6
 Sculpt Simulacrum        Ice/Alch       0%         N/A       100%        6
 Starburst                Conj/Fire      0%         6d3       100%        6
 Summon Cactus Giant      Summ           0%         N/A       100%        6
 Haunt                    Necr/Summ      0%         N/A       100%        7
 Magnavolt                Erth/Air       0%         3d9       100%        7
 Manifold Assault         Tloc           0%         N/A       100%        7
 Monstrous Menagerie      Summ           0%         N/A       100%        7
 Rimeblight               Ice/Necr       0%         2d3       (prima100%   7
 Seismic Cannonade        Alch/Erth      0%         6d4       100%        7
 Disjunction              Tloc           0%         N/A       100%        8
 Fulsome Fusillade        Conj/Alch      0%         (3-5)d4   100%        8
 Ignition                 Fire           0%         3d3       100%        8
 Infestation              Necr           0%         N/A       100%        8
 Lehudib's Crystal Spear  Conj/Erth      0%         10d2      100%        8
 Chain Lightning          Conj/Air       0%         N/A       100%        9
 Fire Storm               Conj/Fire      0%         5d1       100%        9
 Shatter                  Erth           0%         3d5*      100%        9


Dungeon Overview and Level Annotations

Branches:
Dungeon (15/15)            Temple (0/1) D:7            Lair (5/5) D:11
 Shoals (4/4) Lair:2        Snake (4/4) Lair:3        Slime (0/5) Lair:4
    Orc (2/2) D:9             Elf (3/3) Orc:2        Vaults (5/5) D:14
  Crypt (0/3) Vaults:2     Depths (4/4) D:15            Zot (5/5) Depths:4
Volcano (visited)         Gauntlet (visited)

Altars:
Cheibriados
Qazlal
Trog
Wu Jian
Xom
Beogh
Jiyva

Shops:
D:15 =   Orc:2 [[*(   Elf:3 ?   Snake:1 =   Vaults:1 ?   Vaults:3 (
Vaults:5 ?!=!   Depths:1 *=[:   Depths:4 [:==

Portals:
Hell: Depths:1 Depths:2 Depths:3 Depths:4
Abyss: D:7 Depths:3
Pandemonium: Depths:2 Depths:3
Ziggurat: Depths:1

Annotations:
D:7 2 transporters, Loveship's ghost, novice MDCA
D:10 4 exclusions
Lair:5 3 runed translucent doors, exclusion: 3 doors, retardedninja's ghost, journeyman MDFi
Shoals:2 2 exclusions
Shoals:3 exclusion: 3 doors, Lemonizer's ghost, adept CoHu
Vaults:1 2 transporters, Skular's ghost, adept DECj
Depths:2 2 transporters
Zot:1 6 transporters
Zot:5 3 exclusions


Innate Abilities, Weirdness & Mutations

A demonic guardian rushes to your aid.
You are completely covered in sharp spines.
Your magical and physical power is enhanced at high health.
You are completely covered in razor-sharp scales. (AC +3, Slay +3)
Your touch may irresistibly damage your foes and sap their willpower.
You have large cloven feet.
Your mind is acute. (Int +4, Str/Dex -1)
Armour fits poorly on your strangely shaped body.
Your flesh is heat resistant. (rF+)
Your magical capacity is low. (-10% MP)
You passively map a small area around you.
You occasionally shout uncontrollably at your foes.
You expend magic power (3 MP) to strengthen your wands.
You passively dampen the noise of your surroundings.


Message History

The hell hound completely misses you.
You climb upwards.
There is a stone staircase leading down here.
You spin and attack the hell hound repeatedly.
You slice the hell hound!! You freeze the hell hound!
You kill the hell hound!
The Council accepts your kill.
Health restored: 230
Aiming: Dig
Press: ? - help, Shift-Dir - straight line A rock wall.
This square is covered in magical glow.
You feel a surge of power!
The rock shatters into small pieces.
You now have 17/20 mp.
There is a stone staircase leading up here.
You climb upwards.
There is a stone staircase leading down here.
Aiming: Dig
Press: ? - help, Shift-Dir - straight line A rock wall.
This square is covered in magical glow.
You feel a surge of power!
The rock shatters into small pieces.
You now have 15/20 mp.
You yell at the hellion!
A hellion comes into view.
You rampage towards the hellion!
You lunge at the hellion, in a flurry of attacks.
You hit the hellion. You freeze the hellion.
The hellion is moderately wounded.
You slice the hellion!! You freeze the hellion!
You kill the hellion!
The Council accepts your kill.
There is an open door here.
You see here a ball python skeleton.
There is an open door here.
Magic restored.
You see here a +0 robe.
There is a staircase leading out of the dungeon here.
MP restored: 20 You have escaped!

#....##.##################.......
#....###'......####......'#.#....
#....# #........##........#.#####
#....# #...##...##..[##...#......
#....# #..####..##..####..#######
###### #..####..##..####..# #
#.4[##...##...##...# # ######
#..................# #
.....####.......@........##
........######..##..######
........######..##..######
.....####................## ####
.......#..................# #...
.......#...##...##...##...# #...
.....#.#..####..##..####..# #...
.....#.#..####..##..####..####...
##+###.#..)##...##...##...#).....


You could see an ice devil.

Vanquished Creatures
  Frederick (Vaults:4)
  2 dread liches (Zot:5)
  4 ancient liches
  Mara (Vaults:2)
  3 orbs of fire (Zot:5)
  Boris (thrice) (Vaults:1 Depths:2 Vaults:5)
  A Killer Klown (Zot:5)
  8 golden dragons
  the Enchantress (Depths:1)
  Norris (Vaults:4)
  An electric golem (Zot:1)
  A Hell Sentinel (D:10)
  12 tentacled monstrosities
  2 liches (Depths:1)
  5 titans (Vaults:5)
  5 quicksilver dragons
  A walking earthen tome (Depths:2)
  3 deep elf blademasters
  2 deep elf master archers (Elf:3)
  8 sphinxes
  23 Orb Guardians
  4 death cobs
  An ancient champion (Vaults:2)
  13 storm dragons
  6 tengu reavers
  Kirke (D:15)
  5 shadow dragons
  2 draconian monks
  9 frost giants
  6 nagarajas
  7 protean progenitors
  2 draconian knights
  10 deep elf sorcerers
  2 iron dragons
  A ghost moth (Zot:2)
  16 vault wardens
  4 fire giants
  2 draconian scorchers
  2 draconian shifters
  4 deep elf elementalists (Elf:3)
  2 balrugs
  Louise (Elf:1)
  15 ironbound preservers
  An angel (Depths:1)
  4 draconian annihilators
  25 very ugly things
  3 draconian stormcallers
  5 spriggan defenders
  2 orc warlords (Orc:2)
  9 ironbound thunderhulks
  7 stone giants
  9 green draconians
  3 black draconians
  A vampire knight (Depths:2)
  5 deep elf annihilators
  7 deep elf demonologists
  3 spark wasps (Depths:2)
  A lorocyproca (Depths:3)
  12 dire elephants
  2 deep elf death magi
  6 purple draconians
  7 yellow draconians
  2 pale draconians (Depths:4)
  9 white draconians
  11 red draconians
  4 war gargoyles
  A minotaur (Gauntlet)
  12 merfolk impalers
  5 merfolk javelineers
  5 ettins
  2 entropy weavers
  3 crystal guardians
  8 great orbs of eyes
  16 yaktaur captains
  6 deep elf high priests
  9 fire dragons
  Erolcha (D:10)
  3 peacekeepers
  3 catoblepae (Lair:5)
  13 ice dragons
  3 rakshasas
  29 vault guards
  8 hydras
  2 merfolk avatars
  4 spriggan air magi
  A hell beast (Depths:1)
  12 anacondas
  A salamander tyrant (Snake:3)
  A death knight (D:14)
  2 ogre magi
  3 merfolk aquamancers
  10 two-headed ogres
  An alligator snapping turtle (Shoals:1)
  2 centaur warriors
  Erica (D:10)
  3 boulder beetles (D:15)
  4 deep troll shamans
  8 ironbound frosthearts
  11 deep troll earth magi
  25 dancing weapons
  4 death yaks (Lair:5)
  3 satyrs
  2 tengu warriors (Depths:2)
  15 naga sharpshooters
  An orc high priest (Orc:2)
  2 hell hogs (Zot:5)
  2 spriggan berserkers (Depths:1)
  2 vampire magi (Vaults:2)
  2 occultists (Depths:3)
  6 shock serpents
  11 naga warriors
  A sun demon (Depths:3)
  8 hell knights
  A soul eater (D:6)
  Nergalle (D:10)
  23 deep elf knights
  2 iron trolls
  2 salamander mystics
  A skeletal warrior (D:14)
  11 skysharks
  A spectral spark wasp (Depths:1)
  7 mana vipers
  58 deep trolls
  3 flayed ghosts
  15 deep elf archers
  20 sea snakes
  A glowing orange brain (shapeshifter) (Vaults:5)
  9 arcanists
  3 glowing orange brains
  17 ironbound convokers
  5 naga ritualists
  6 phantasmal warriors
  2 lindwurms (Vaults:1)
  4 swamp dragons
  37 deep elf pyromancers
  2 thermic dynamos (Elf:2)
  29 harpies
  A necromancer (D:14)
  4 orc sorcerers (Orc:2)
  2 obsidian bats (Orc:1)
  17 salamanders
  45 ugly things
  3 orc knights
  5 cyclopes
  35 deep elf zephyrmancers
  11 fauns
  A shining eye (shapeshifter) (Vaults:4)
  17 manticores
  A meliai (D:15)
  17 moths of wrath
  24 vault sentinels
  8 guardian serpents
  3 water nymphs
  31 black mambas
  11 elephants
  10 merfolk sirens
  23 naga magi
  10 cane toads
  Maggie (D:6)
  A gargoyle (D:14)
  A torpor snail (shapeshifter) (Vaults:4)
  An unseen horror (D:11)
  Jeremiah (Lair:1)
  A hellion (D:1)
  30 yaktaurs
  A cane toad (shapeshifter) (D:15)
  An efreet (Gauntlet)
  2 rime drakes
  4 freezing wraiths
  10 komodo dragons
  A kobold demonologist (D:13)
  A red devil (Volcano)
  A queen bee (Gauntlet)
  A tengu conjurer (Depths:1)
  4 hornets
  8 trolls
  A queen bee (shapeshifter) (D:13)
  34 merfolk
  7 wind drakes
  5 polar bears
  A tarantella (shapeshifter) (Vaults:5)
  2 glass eyes
  15 blink frogs
  4 saltlings (Orc:2)
  9 snapping turtles
  6 dream sheep (Lair:1)
  25 slime creatures
  3 shadows
  2 centaur simulacra
  3 spriggans
  12 water elementals
  An air elemental (Elf:3)
  4 wyverns
  A culicivora (Vaults:1)
  A hog (shapeshifter) (D:15)
  16 humans (D:14)
  35 yaks
  8 fire bats
  7 wraiths
  Grum (D:11)
  3 redbacks
  3 wargs
  4 fire elementals
  A hog (D:15)
  5 steam dragons
  9 vampire mosquitoes
  7 basilisks
  36 nagas
  3 acid dragons
  A swamp drake (D:11)
  6 hell hounds
  17 water moccasins
  3 black bears
  A black bear (shapeshifter) (Elf:1)
  2 ice beasts
  19 orc warriors
  2 sky beasts
  5 boggarts (Vaults:1)
  3 laughing skulls
  10 ogres
  22 wolves
  13 centaurs
  4 kobold brigands
  14 bullfrogs
  2 earth elementals
  3 scorpions
  14 killer bees
  3 howler monkeys
  3 electric eels (Snake:1)
  3 bombardier beetles
  7 lava snakes (Volcano)
  3 hounds
  A gnoll bouda (D:5)
  2 jellies (D:6)
  12 orc priests
  2 iguanas
  Natasha (thrice) (D:3)
  8 orc wizards
  A hell rat (Lair:2)
  8 adders
  15 gnolls
  2 shadow imps (D:6)
  A white imp (D:7)
  4 ufetubi (D:6)
  4 dart slugs
  4 ribbon worms
  56 orcs
  11 ball pythons
  8 endoplasms
  2 giant cockroaches
  29 goblins
  24 hobgoblins
  5 quokkas
  7 bats
  6 frilled lizards
  27 kobolds
  4 rats
  2 aspiring fleshes
  A tentacle (Shoals:2)
1910 creatures vanquished.

Vanquished Creatures (collateral kills)
  An electric golem (Zot:5)
  A tentacled monstrosity (Depths:2)
  A frost giant (Depths:3)
  An ironbound preserver (Vaults:3)
  3 dire elephants (Vaults:1)
  A deep elf high priest (Elf:3)
  Fannar (Orc:1)
  A vault guard (Vaults:5)
  A hydra (D:13)
  A centaur warrior (D:13)
  An ironbound frostheart (Vaults:2)
  A dancing weapon (Elf:2)
  A deep elf knight (Elf:2)
  A hell knight (Volcano)
  A skyshark (Lair:5)
  2 deep trolls
  An orc knight (Orc:2)
  A cyclops (D:13)
  A faun (Shoals:1)
  2 ugly things (Depths:1)
  3 elephants
  A naga mage (Snake:1)
  A smoke demon (Volcano)
  A cane toad (Lair:5)
  A komodo dragon (Lair:2)
  4 yaktaurs
  2 blink frogs (Lair:5)
  2 slime creatures
  A naga (Lair:3)
  A killer bee (D:9)
  An orc (D:4)
42 creatures vanquished.

Vanquished Creatures (others)
  A deep elf zephyrmancer (Elf:1)
  A sea snake zombie (Snake:4)
  A yaktaur (Vaults:4)
  A merfolk zombie (Shoals:2)
  A black mamba zombie (Snake:1)
  An elf zombie (Elf:2)
  6 humans (D:15)
  A hell hound (Volcano)
  A kobold (D:3)
  22 tentacles
36 creatures vanquished.

Grand Total: 1988 creatures vanquished

Notes
Turn   | Place    | Note
-------+----------+-------------------------------------------
     0 | D:1      | MojitoSuave the Demonspawn Gladiator began the quest for
                  | the Orb.
     0 | D:1      | Reached XP level 1. HP: 16/16 MP: 1/1
   172 | D:1      | Upgraded the game from 0.32-a0-975-g85d4e5bfdb to
                  | 0.32-a0-981-g384da2ce10
   224 | D:1      | Gained mutation: Your touch may inflict minor irresistible
                  | damage on your foes. [demonic ancestry]
   224 | D:1      | Reached XP level 2. HP: 23/23 MP: 2/2
   482 | D:1      | Reached skill level 3 in Fighting
   857 | D:1      | Reached XP level 3. HP: 29/29 MP: 3/3
  1458 | D:2      | Reached skill level 4 in Fighting
  1618 | D:2      | Gained mutation: You are partially covered in razor-sharp
                  | scales. (AC +1, Slay +1) [demonic ancestry]
  1618 | D:2      | Reached XP level 4. HP: 26/38 MP: 4/4
  1790 | D:2      | Found a shimmering altar of Xom.
  2220 | D:3      | Noticed Natasha
  2229 | D:3      | Killed Natasha
  2230 | D:3      | Reached skill level 1 in Armour
  2261 | D:3      | Noticed Natasha
  2270 | D:3      | Killed Natasha
  2271 | D:3      | Reached skill level 5 in Fighting
  2271 | D:3      | Reached XP level 5. HP: 37/44 MP: 5/5
  2271 | D:3      | Noticed Natasha
  2282 | D:3      | Killed Natasha
  2357 | D:3      | Found a faded altar of an unknown god.
  3078 | D:3      | Gained mutation: A weak demonic guardian rushes to your
                  | aid. [demonic ancestry]
  3078 | D:3      | Reached XP level 6. HP: 51/51 MP: 6/6
  4440 | D:4      | Reached skill level 6 in Fighting
  4949 | D:5      | Entered Level 5 of the Dungeon
  5009 | D:5      | Noticed an ice beast
  5089 | D:5      | Gained mutation: Your touch may inflict irresistible damage
                  | on your foes. [demonic ancestry]
  5089 | D:5      | Reached XP level 7. HP: 54/58 MP: 7/7
  5297 | D:5      | Identified a scroll of acquirement
  5297 | D:5      | Acquired the ring "Cafow" {rPois rN+ Int+3 SInv}
  5424 | D:5      | Reached skill level 7 in Fighting
  5794 | D:5      | Gained mutation: A demonic guardian rushes to your aid.
                  | [demonic ancestry]
  5794 | D:5      | Reached XP level 8. HP: 28/68 MP: 8/8
  5982 | D:5      | Reached skill level 8 in Fighting
  6544 | D:6      | Reached skill level 5 in Armour
  7015 | D:6      | Noticed Maggie
  7143 | D:6      | Found an ornate altar of the Wu Jian Council.
  7147 | D:6      | Became a worshipper of the Wu Jian Council
  7322 | D:7      | Found a staircase to the Ecumenical Temple.
  7544 | D:7      | Found a transporter.
  7567 | D:7      | Gained mutation: Your touch may irresistibly damage your
                  | foes and sap their willpower. [demonic ancestry]
  7567 | D:7      | Reached XP level 9. HP: 75/75 MP: 9/9
  7577 | D:7      | Noticed a toenail golem
  7586 | D:7      | Found a transporter.
  7590 | D:7      | Found a one-way gate to the infinite horrors of the Abyss.
  7653 | D:7      | Noticed Loveship's ghost (novice MDCA)
  7969 | D:7      | Reached * piety under Wu Jian
  8505 | D:8      | Paralysed by a hornet for 3 turns
  8918 | D:9      | Found a roughly hewn altar of Beogh.
  8918 | D:9      | Found a staircase to the Orcish Mines.
  8962 | D:9      | Reached skill level 10 in Armour
  9134 | D:9      | Paralysed by a hornet for 2 turns
  9138 | D:9      | Reached skill level 9 in Fighting
  9154 | D:9      | Noticed a two-headed ogre
  9263 | D:9      | Reached ** piety under Wu Jian
  9346 | D:9      | Reached XP level 10. HP: 67/83 MP: 10/10
  9862 | D:9      | Reached skill level 10 in Fighting
 10019 | D:10     | Entered Level 10 of the Dungeon
 10246 | D:10     | Noticed Erica
 10444 | D:10     | Noticed a two-headed ogre
 10768 | D:11     | Noticed Grum
 10798 | D:11     | Killed Grum
 11017 | D:11     | Noticed a two-headed ogre
 11057 | D:10     | Killed a two-headed ogre
 11058 | D:10     | Reached skill level 11 in Fighting
 11065 | D:10     | Killed Erica
 11249 | D:10     | Reached skill level 12 in Fighting
 11476 | D:10     | Noticed Erolcha
 11490 | D:10     | Killed Erolcha
 11867 | D:10     | Noticed Nergalle
 12372 | D:11     | Gained mutation: You are partially covered in sharp spines.
                  | [demonic ancestry]
 12372 | D:11     | Reached XP level 11. HP: 87/91 MP: 11/11
 12444 | D:11     | Noticed a two-headed ogre
 12455 | D:11     | Killed a two-headed ogre
 13021 | D:11     | Reached skill level 5 in Dodging
 13041 | D:11     | Found a staircase to the Lair.
 13107 | D:11     | Reached skill level 5 in Long Blades
 13487 | D:10     | Killed Nergalle
 13942 | Lair:1   | Entered Level 1 of the Lair of Beasts
 14207 | Lair:1   | Noticed Jeremiah
 14240 | Lair:1   | Killed Jeremiah
 14850 | Lair:1   | Reached *** piety under Wu Jian
 15574 | Lair:2   | Reached XP level 12. HP: 102/102 MP: 12/12
 15608 | Lair:2   | Found a staircase to the Shoals.
 15683 | Lair:2   | Reached skill level 10 in Long Blades
 16139 | Lair:2   | Reached **** piety under Wu Jian
 16846 | Lair:3   | Noticed an eight-headed hydra
 16852 | Lair:3   | Killed a four-headed hydra
 17002 | Lair:3   | Found a staircase to the Snake Pit.
 17281 | Lair:3   | Found a dark tunnel.
 17288 | Volcano  | Entered a volcano
 18096 | Volcano  | Reached skill level 13 in Fighting
 18345 | Volcano  | Found a burning altar of Makhleb.
 18960 | Lair:4   | Found a viscous altar of Jiyva.
 18960 | Lair:4   | Found a staircase to the Slime Pits.
 18993 | Lair:4   | Reached XP level 13. HP: 103/111 MP: 11/13
 19534 | Lair:4   | Found an ornate altar of the Wu Jian Council.
 19597 | Lair:4   | You fall into a shaft and drop 1 floor!
 19597 | Lair:5   | Entered Level 5 of the Lair of Beasts
 19597 | Lair:5   | Found a gate leading to a gauntlet.
 19782 | Gauntlet | Entered a Gauntlet
 19782 | Gauntlet | Found a transporter.
 19782 | Gauntlet | Found a transporter.
 19829 | Gauntlet | Found a runed translucent door.
 19832 | Gauntlet | Found a transporter.
 19833 | Gauntlet | Found a transporter.
 19844 | Gauntlet | Found a transporter.
 19844 | Gauntlet | Found a transporter.
 19852 | Gauntlet | Found a transporter.
 19870 | Gauntlet | Found a transporter.
 19875 | Gauntlet | Found a transporter.
 19878 | Gauntlet | Found a transporter.
 19889 | Gauntlet | Found a transporter.
 19910 | Gauntlet | Found a transporter.
 20082 | Gauntlet | Identified the +6 hand axe of Mehewn {flame, rN+ Dex+5}
 20277 | Gauntlet | Identified the +10 spear of the Unliving {venom, rCorr
                  | Dex+4}
 20277 | Gauntlet | Noticed a minotaur
 20290 | Gauntlet | Killed a minotaur
 21100 | Lair:5   | Reached ***** piety under Wu Jian
 21242 | Lair:5   | Found a runed translucent gate.
 21242 | Lair:5   | Found a runed translucent gate.
 21242 | Lair:5   | Found a runed translucent gate.
 21250 | Lair:5   | Noticed retardedninja's ghost (journeyman MDFi)
 21319 | Lair:5   | HP: 1/111 [skyshark (19)]
 21373 | Lair:5   | HP: 5/111 [blink frog (8)]
 22423 | Orc:1    | Entered Level 1 of the Orcish Mines
 22423 | Orc:1    | Noticed Fannar
 22451 | Orc:1    | Killed Fannar
 23119 | Orc:2    | Entered Level 2 of the Orcish Mines
 23145 | Orc:2    | Reached XP level 14. HP: 109/118 MP: 12/14
 23295 | Orc:2    | Found a staircase to the Elven Halls.
 23491 | Orc:2    | Found Taeppi's Antique Weapon Emporium.
 23572 | Orc:2    | Noticed an orc warlord
 23620 | Orc:2    | Killed an orc warlord
 23818 | Orc:2    | Found Jaraklap's Armour Boutique.
 23829 | Orc:2    | Found a roughly hewn altar of Beogh.
 23830 | Orc:2    | Found Ytuguar's Assorted Antiques.
 23849 | Orc:2    | Bought the scarf of Karhiud {repulsion, rPois rF+} for 423
                  | gold pieces
 23962 | Orc:2    | Found Isin's Antique Armour Shop.
 24029 | Orc:2    | Noticed an orc warlord
 24045 | Orc:2    | Killed an orc warlord
 24911 | Lair:5   | Reached skill level 15 in Long Blades
 26877 | D:6      | Killed Maggie
 27870 | D:13     | Reached skill level 14 in Fighting
 28850 | Shoals:1 | Entered Level 1 of the Shoals
 28909 | Shoals:1 | Gained mutation: Your magical and physical power is
                  | slightly enhanced at high health. [demonic ancestry]
 28909 | Shoals:1 | Reached XP level 15. HP: 126/126 MP: 15/15
 29474 | Shoals:1 | Identified the +8 great sword of Mainyttu {chaos, rF+
                  | Dex+2}
 30072 | Shoals:2 | Reached skill level 15 in Fighting
 30643 | Shoals:2 | Noticed a kraken
 31339 | Shoals:2 | Got the Compilation of the Zephyr
 31471 | Shoals:3 | Noticed a kraken
 31563 | Shoals:3 | Found the +6 Majin-Bo {spellvamp, MP+6 Int+6}
 31569 | Shoals:3 | Found a runed translucent gate.
 31570 | Shoals:3 | Found a runed translucent gate.
 31571 | Shoals:3 | Noticed Lemonizer's ghost (adept CoHu)
 31990 | Shoals:3 | Found a runed translucent gate.
 32044 | Shoals:3 | Identified the +1 chain mail "Fahy" {Fly Str+3 Dex+3}
 32913 | Shoals:3 | Reached XP level 16. HP: 72/136 MP: 9/16
 33570 | Shoals:4 | Entered Level 4 of the Shoals
 33894 | Snake:1  | Entered Level 1 of the Snake Pit
 34371 | Snake:1  | Found Tithri Qano's Jewellery Shoppe.
 34396 | Snake:1  | Bought an amulet of faith for 560 gold pieces
 35612 | Snake:2  | You are sucked into a shaft and drop 1 floor!
 36952 | Snake:3  | Identified the +3 scale mail of the Dowdy God {+Blink
                  | rPois}
 38025 | Snake:4  | Entered Level 4 of the Snake Pit
 38143 | Snake:4  | Gained mutation: You are mostly covered in razor-sharp
                  | scales. (AC +2, Slay +2) [demonic ancestry]
 38143 | Snake:4  | Reached XP level 17. HP: 71/142 MP: 17/17
 40907 | Snake:4  | Reached skill level 15 in Armour
 41689 | Snake:4  | Got a serpentine rune of Zot
 42254 | Shoals:4 | Learned a level 2 spell: Lesser Beckoning
 42294 | Shoals:4 | Identified the staff of Vycon {rPois Int-5 Conj Tloc Fire
                  | Alchemy}
 43703 | Shoals:4 | Got a barnacled rune of Zot
 44240 | Elf:1    | Entered Level 1 of the Elven Halls
 44241 | Elf:1    | Noticed Louise
 44263 | Elf:1    | Reached skill level 16 in Fighting
 44265 | Elf:1    | Killed Louise
 44409 | Elf:1    | Reached XP level 18. HP: 117/151 MP: 18/18
 45003 | Elf:1    | Acquired a +0 double sword of protection
 46922 | Elf:1    | Reached skill level 17 in Fighting
 47503 | Elf:1    | Got Fawe Kam's Annotations on Fulmination
 47989 | Elf:3    | Entered Level 3 of the Elven Halls
 48050 | Elf:2    | Reached skill level 18 in Fighting
 48709 | Elf:2    | Found a runed translucent gate.
 48709 | Elf:2    | Found a runed translucent gate.
 48709 | Elf:2    | Found a runed translucent gate.
 49758 | Elf:2    | Reached skill level 19 in Fighting
 49889 | Elf:2    | Identified the blade talisman "Deraapuh" {Str+2}
 50618 | Elf:3    | Reached XP level 19. HP: 151/167 MP: 19/19
 51074 | Elf:3    | Found Dut Bu Cyoha's Magic Scroll Shop.
 51077 | Elf:3    | Bought a scroll of silence for 161 gold pieces
 51077 | Elf:3    | Bought a scroll of fear for 68 gold pieces
 51179 | Elf:3    | Identified the +7 chain mail "Taekly" {+Blink Str+6}
 51364 | Elf:3    | Identified the +0 plate armour of Dixouref {rElec rF+ rC-
                  | Int+3}
 51758 | Elf:3    | Identified the +0 chain mail "Pyh Duul" {-Tele rElec rPois
                  | Regen+}
 51766 | Elf:3    | Identified the ring "Cockaycou" {rCorr EV+5 Dex+2}
 51817 | Elf:3    | Identified the +3 chain mail of Resonance {Stlth+}
 51977 | Elf:3    | Identified the +5 helmet of the Fisher {rCorr}
 52038 | Elf:3    | Got Porch's Folio of Ozone and Rime
 52063 | Elf:3    | Identified the +6 arbalest of Amorality {flame, rPois Str+2
                  | Dex+2 Stlth+}
 52176 | Elf:3    | Identified the +2 hand axe "Lifebane" {pain, rElec Dex+4}
 53150 | D:14     | Found a gate to the Vaults.
 53434 | D:15     | Entered Level 15 of the Dungeon
 53539 | D:15     | Noticed Kirke
 53545 | D:15     | Killed Kirke
 53716 | D:15     | Found Junonnud's Jewellery Shop.
 53745 | D:15     | Found a staircase to the Depths.
 54406 | Vaults:1 | Entered Level 1 of the Vaults
 54660 | Vaults:1 | Gained mutation: You are mostly covered in sharp spines.
                  | [demonic ancestry]
 54660 | Vaults:1 | Reached XP level 20. HP: 173/174 MP: 20/20
 55201 | Vaults:1 | Found a transporter.
 55536 | Vaults:1 | Noticed an ancient lich
 55544 | Vaults:1 | Killed an ancient lich
 55552 | Vaults:1 | Identified the +1 ring mail of Maim {^Contam rPois Dex+6}
 55666 | Vaults:1 | Identified the +4 robe of Refuge {Regen+}
 55666 | Vaults:1 | Noticed Boris
 55675 | Vaults:1 | Killed Boris
 55899 | Vaults:1 | Found Tareucs's Magic Scroll Boutique.
 55902 | Vaults:1 | Bought a scroll of blinking for 135 gold pieces
 55902 | Vaults:1 | Bought a scroll of silence for 171 gold pieces
 55902 | Vaults:1 | Bought a scroll of teleportation for 54 gold pieces
 55902 | Vaults:1 | Bought a scroll of teleportation for 54 gold pieces
 56083 | Vaults:1 | Found a transporter.
 56085 | Vaults:1 | Noticed Skular's ghost (adept DECj)
 56087 | Vaults:1 | Found a bloodstained altar of Trog.
 56288 | Vaults:2 | Noticed Mara
 56301 | Vaults:2 | Killed Mara
 56302 | Vaults:2 | Reached skill level 10 in Dodging
 56665 | Vaults:2 | Found a staircase to the Crypt.
 56926 | Vaults:2 | Reached skill level 20 in Fighting
 57843 | Vaults:3 | Reached XP level 21. HP: 161/184 MP: 21/21
 58142 | Vaults:3 | Paralysed by a sphinx for 4 turns
 58388 | Vaults:3 | Found Disuyl's Antique Weapon Shop.
 58558 | Vaults:3 | Identified the +4 pair of boots of the Game of Life {rC+
                  | rN+}
 58939 | Vaults:4 | Noticed Norris
 59084 | Vaults:4 | Killed Norris
 59156 | Vaults:4 | Identified the orb "Nozau" {light, rF+ rC+ Int+3}
 59156 | Vaults:4 | Noticed Frederick
 59163 | Vaults:4 | Killed Frederick
 59371 | Vaults:4 | Reached skill level 21 in Fighting
 60987 | Depths:1 | Entered Level 1 of the Depths
 61075 | Depths:1 | Found a snail-covered altar of Cheibriados.
 61177 | Depths:1 | Found Loyp's Jewellery Shop.
 61186 | Depths:1 | Found Ummuzeba's Book Boutique.
 61186 | Depths:1 | Found Wiwausiv's General Store.
 61191 | Depths:1 | Found Kunureno's Armour Boutique.
 61200 | Depths:1 | Bought a scroll of enchant armour for 120 gold pieces
 61200 | Depths:1 | Bought a scroll of teleportation for 48 gold pieces
 61200 | Depths:1 | Bought a scroll of enchant armour for 120 gold pieces
 61200 | Depths:1 | Bought a potion of berserk rage for 80 gold pieces
 61223 | Depths:1 | Found a gateway to Hell.
 61295 | Depths:1 | Identified the +3 trident of Bloody Death {heavy, Int+2
                  | Dex+2}
 61401 | Depths:1 | Noticed the Enchantress
 61668 | Depths:1 | Killed the Enchantress
 62079 | Depths:1 | Reached skill level 22 in Fighting
 62189 | Depths:1 | Found a one-way gateway to a ziggurat.
 62379 | Depths:2 | Reached XP level 22. HP: 185/196 MP: 22/22
 62388 | Depths:2 | Identified the +2 robe of Fresh Wonder {rElec Str+3 Slay+2}
 62388 | Depths:2 | Noticed Boris
 62403 | Depths:2 | Killed Boris
 62485 | Depths:2 | Found a transporter.
 62612 | Depths:2 | Gained mutation: You are robust. (+10% HP) [potion of
                  | mutation]
 62612 | Depths:2 | Gained mutation: You occasionally shout uncontrollably at
                  | your foes. [potion of mutation]
 62612 | Depths:2 | Gained mutation: Your spells are a little easier to cast,
                  | but a little less powerful. [potion of mutation]
 62612 | Depths:2 | Gained mutation: You passively dampen the noise of your
                  | surroundings. [potion of mutation]
 62613 | Depths:2 | Lost mutation: You are robust. (+10% HP) [potion of
                  | mutation]
 62613 | Depths:2 | Lost mutation: You occasionally shout uncontrollably at
                  | your foes. [potion of mutation]
 62613 | Depths:2 | Gained mutation: You are occasionally teleported next to
                  | monsters. [potion of mutation]
 62614 | Depths:2 | Lost mutation: You are occasionally teleported next to
                  | monsters. [potion of mutation]
 62614 | Depths:2 | Lost mutation: Your spells are a little easier to cast, but
                  | a little less powerful. [potion of mutation]
 62614 | Depths:2 | Gained mutation: Your flesh is heat resistant. (rF+)
                  | [potion of mutation]
 62614 | Depths:2 | Gained mutation: You have large cloven feet. [potion of
                  | mutation]
 62614 | Depths:2 | Gained mutation: Your mind is acute. (Int +4, Str/Dex -1)
                  | [potion of mutation]
 62614 | Depths:2 | Gained mutation: You expend magic power (3 MP) to
                  | strengthen your wands. [potion of mutation]
 62819 | Depths:2 | Found a transporter.
 63022 | Depths:2 | Found a one-way gate leading to the halls of Pandemonium.
 63131 | Depths:2 | Found a stormy altar of Qazlal.
 63726 | Depths:2 | Reached skill level 15 in Dodging
 64528 | Depths:3 | Learned a level 3 spell: Swiftness
 64855 | Depths:3 | You fall into a shaft and drop 1 floor!
 64855 | Depths:4 | Entered Level 4 of the Depths
 64877 | Depths:4 | Reached skill level 23 in Fighting
 65081 | Depths:4 | Found Umol's Antique Armour Shoppe.
 65955 | Depths:4 | Noticed a golden dragon
 65967 | Depths:4 | Killed a golden dragon
 66034 | Depths:4 | Found a gate to the Realm of Zot.
 66909 | Depths:4 | Found Leok Uvu's Book Shoppe.
 66909 | Depths:4 | Found Caun's Jewellery Shop.
 66910 | Depths:4 | Found Qegeimag's Jewellery Shop.
 66916 | Depths:4 | Bought the ring of Bodily Harmony {rElec rPois Will+++
                  | rCorr Str-2} for 951 gold pieces
 66920 | Depths:4 | Bought the ring "Bimikhlut" {*Corrode rN+ EV+5 Str+3
                  | Stlth+} for 659 gold pieces
 67240 | Vaults:5 | Entered Level 5 of the Vaults
 67270 | Vaults:5 | Gained mutation: You are completely covered in razor-sharp
                  | scales. (AC +3, Slay +3) [demonic ancestry]
 67270 | Vaults:5 | Reached XP level 23. HP: 208/208 MP: 23/23
 67324 | Vaults:5 | Reached skill level 24 in Fighting
 67518 | Vaults:5 | Got a silver rune of Zot
 67582 | Vaults:5 | Identified the staff of the Several Portals {+Blink Str+2
                  | Earth}
 67641 | Vaults:5 | Identified the +2 robe "Bybloet" {Slay+2}
 67641 | Vaults:5 | Noticed Boris
 67654 | Vaults:5 | Killed Boris
 67746 | Vaults:5 | Acquired 795 gold pieces
 67880 | Vaults:5 | Identified the +5 dire flail of Inleaq {venom, rF+}
 68058 | Vaults:5 | Identified the ring of the Ban {rF++ SInv}
 68088 | Vaults:5 | Identified the +6 war axe "Igauj" {speed, rPois Int-4
                  | Dex+3}
 68336 | Vaults:5 | Found Wovuku's Distillery.
 68337 | Vaults:5 | Found Kiamouga's Jewellery Shoppe.
 68364 | Vaults:5 | Bought a potion of might for 68 gold pieces
 68364 | Vaults:5 | Bought a potion of haste for 170 gold pieces
 68364 | Vaults:5 | Bought a potion of heal wounds for 85 gold pieces
 68364 | Vaults:5 | Bought a potion of heal wounds for 85 gold pieces
 68364 | Vaults:5 | Bought a potion of berserk rage for 85 gold pieces
 68364 | Vaults:5 | Bought a potion of berserk rage for 85 gold pieces
 68364 | Vaults:5 | Bought a potion of curing for 51 gold pieces
 68376 | Vaults:5 | Found Laurgh's Distillery.
 68376 | Vaults:5 | Noticed an ancient lich
 68388 | Vaults:5 | Killed an ancient lich
 68398 | Vaults:5 | Bought a potion of might for 76 gold pieces
 68398 | Vaults:5 | Bought a potion of heal wounds for 95 gold pieces
 68398 | Vaults:5 | Bought a potion of curing for 57 gold pieces
 68398 | Vaults:5 | Bought a potion of haste for 190 gold pieces
 68398 | Vaults:5 | Bought a potion of berserk rage for 95 gold pieces
 68398 | Vaults:5 | Bought a potion of heal wounds for 95 gold pieces
 68398 | Vaults:5 | Bought a potion of cancellation for 152 gold pieces
 68436 | Vaults:5 | Noticed an ancient lich
 68446 | Vaults:5 | Killed an ancient lich
 68570 | Vaults:5 | Identified the ring "Daofip" {rPois Slay+5}
 68572 | Vaults:5 | Identified the +2 chain mail of Living Miracles {Regen+
                  | rCorr Str-3}
 68680 | Vaults:5 | Found Toco's Magic Scroll Emporium.
 68688 | Vaults:5 | Reached skill level 25 in Fighting
 68697 | Vaults:5 | Bought a scroll of fear for 76 gold pieces
 68697 | Vaults:5 | Bought a scroll of blinking for 142 gold pieces
 68697 | Vaults:5 | Bought a scroll of teleportation for 57 gold pieces
 68697 | Vaults:5 | Bought a scroll of noise for 19 gold pieces
 68697 | Vaults:5 | Bought a scroll of fog for 76 gold pieces
 68697 | Vaults:5 | Bought a scroll of teleportation for 57 gold pieces
 68697 | Vaults:5 | Bought a scroll of noise for 19 gold pieces
 69045 | Zot:1    | Entered Level 1 of the Realm of Zot
 69046 | Zot:1    | Found a transporter.
 69175 | Zot:1    | Found a transporter.
 69263 | Zot:1    | Found a transporter.
 69269 | Zot:1    | Acquired a manual of Dodging
 69272 | Zot:1    | Found a transporter.
 69310 | Zot:1    | Found a transporter.
 69316 | Zot:1    | Found a transporter.
 69446 | Zot:1    | Gained mutation: Your magical and physical power is
                  | enhanced at high health. [demonic ancestry]
 69446 | Zot:1    | Reached XP level 24. HP: 221/221 MP: 23/23
 69761 | Zot:1    | Found an ornate altar of the Wu Jian Council.
 69988 | Zot:2    | Reached ****** piety under Wu Jian
 71209 | Zot:5    | Entered Level 5 of the Realm of Zot
 71210 | Zot:5    | Noticed a dread lich
 72149 | Zot:5    | Noticed a dread lich
 72175 | Zot:5    | Killed a dread lich
 72388 | Zot:5    | Reached skill level 26 in Fighting
 72551 | Zot:5    | Noticed an orb of fire
 72571 | Zot:5    | Killed an orb of fire
 72576 | Zot:5    | Noticed an orb of fire
 72586 | Zot:5    | Noticed a Killer Klown
 72595 | Zot:5    | Killed a Killer Klown
 72596 | Zot:5    | Noticed an ancient lich
 72601 | Zot:5    | Noticed a dread lich
 73094 | Zot:5    | Killed an orb of fire
 73105 | Zot:5    | Killed an ancient lich
 73320 | Zot:5    | Killed a dread lich
 73452 | Zot:5    | Gained mutation: You are completely covered in sharp
                  | spines. [demonic ancestry]
 73452 | Zot:5    | Reached XP level 25. HP: 208/230 MP: 23/23
 73514 | Zot:5    | Noticed an orb of fire
 73519 | Zot:5    | Gained mutation: Your magical capacity is low. (-10% MP)
                  | [an orb of fire]
 73527 | Zot:5    | Killed an orb of fire
 73580 | Zot:5    | Got the Orb of Zot
 73595 | Zot:5    | Gained mutation: Armour fits poorly on your strangely
                  | shaped body. [mutagenic glow]
 73603 | Zot:5    | Gained mutation: You passively map a small area around you.
                  | [mutagenic glow]
 73622 | Zot:5    | Gained mutation: You occasionally shout uncontrollably at
                  | your foes. [mutagenic glow]
 74292 | D:$      | Escaped with the Orb!

Illustrated notes

Levels and vault maps discovered:
D:1:      minmay_arrival_four_loops, layout_basic
D:2:      minmay_kobold_bridge, layout_basic, basic_altar,
          nicolae_elevator_lobby_asterisk
D:3:      minmay_goblin_kobold_castle, layout_loops_ring,
          hellmonk_ecumenical_altar_leap_of_faith, grunt_ministairs_2,
          uniq_natasha
D:4:      layout_loops_ring
D:5:      layout_basic, kennysheep_big_empty_room, hex_large, skrybe_limestone_x
D:6:      layout_gridville, mainiacjoe_overflow_divided_tiny,
          nicolae_concentric_dashed_squares_wild, uniq_grinder, uniq_maggie
D:7:      layout_gridville, minmay_temple_entry_sparse_star,
          gammafunk_ghost_abyssal_escape, hex_medium, bh_walls_and_bars
D:8:      layout_rooms, minmay_holes
D:9:      layout_roguey, david_orc_5
D:10:     layout_basic, uniq_erolcha, uniq_nergalle, uniq_erica
D:11:     layout_gridville, erik_lair_dragon, uniq_grum
D:12:     layout_loops_cross, abandoned_shop, kennysheep_path_1
D:13:     minmay_bloctagon_deflated, layout_cross, drop_trap, the_hattery
D:14:     layout_small_grid, grunt_vaults_entry_tiered
D:15:     hellmonk_depths_entry_around_the_bend, layout_basic, serial_shops,
          nicolae_shop_tiny_glass, uniq_kirke
Lair:1:   layout_roguey, uniq_jeremiah
Lair:2:   nzn_winding_woodlands_three_and_one [nzn_winding_woodlands_5x15_cabin,
          nzn_winding_woodlands_5x15_pathside_ponds,
          nzn_winding_woodlands_5x15_sawtooth,
          nzn_winding_woodlands_center_diamonds], layout_hall_layers,
          minmay_shoals_entry_centaurs
Lair:3:   layout_hall_layers, guppyfry_snake_entry_island,
          nicolae_volcano_entry_batcave
Lair:4:   layout_roguey, slime_entry_1, basic_altar
Lair:5:   evilmike_catoblepas_cave, layout_concentric_octagons,
          gauntlet_entry_generic, gammafunk_ghost_split
Shoals:1: layout_shoals
Shoals:2: layout_shoals, nicolae_shoals_dead_sea_scrolls
Shoals:3: layout_shoals, gammafunk_ghost_split
Shoals:4: shoals_end_grunt_ice, layout_shoals
Snake:1:  layout_misc_corridors, serial_shops, shop, guppyfry_snake_island
Snake:2:  layout_onion_interference, nicolae_triple_integral
Snake:3:  nicolae_snakescales, layout_gridlike, nicolae_snake_salamander_stairs
Snake:4:  grunt_snake_rune_pools, layout_cave_town, abandoned_shop
Orc:1:    layout_caves, uniq_fannar
Orc:2:    hellmonk_orc_salted, layout_caves
Elf:1:    minmay_elf_arrival_plus, layout_onion_city, minmay_elf_sorcery,
          uniq_louise
Elf:2:    nicolae_elf_blades_splatter_lattice [grunt_blade_entry_basic],
          layout_geoelf_octagon
Elf:3:    minmay_elf_hall_furrowed, layout_loops_cross, serial_shops,
          nicolae_shop_rolled_up, portal_ice_cave_entry_frozen_things
Vaults:1: gammafunk_ghost_wrathful_warriors, nicolae_vaults_stairing_the_circle,
          nicolae_vaults_circle_grid_a, v_misc_9,
          nicolae_vaults_closet_pinwheel_6, st_smaller_cells,
          grunt_vaults_diagonal, layout_vaults_big_room, serial_shops,
          nicolae_shop_rolled_up, uniq_boris
Vaults:2: nicolae_vaults_shrinking_rooms_2, v_misc_18, v_misc_30,
          hangedman_vaults_corner, nicolae_vaults_trapezoid_lopsided_3,
          minmay_crypt_entry_simple_round, hangedman_vaults_cutoff,
          layout_vaults_quadrants, uniq_mara
Vaults:3: serial_library_hellmonk_open_cross, v_misc_12,
          nicolae_vaults_sesquioval_fish, vaults_room_stairs_pillars,
          vaults_standard_mumra_enter_the_diamond, nicolae_vaults_circle_grid_a,
          vaults_dpeg_emergency_exit, nicolae_vaults_surprise_closet,
          nicolae_vaults_alarming, v_misc_33, nicolae_vaults_prndl, v_misc_14,
          v_misc_16, nicolae_vaults_lightning_bolt,
          nicolae_vaults_double_plus_1, layout_vaults_omnibox, serial_shops,
          nicolae_square_shop
Vaults:4: nicolae_vaults_variable_pillar_hall, ontoclasm_vaults_gallery,
          vaults_standard_mumra_lines, v_misc_10, nicolae_vaults_tetromino_T_2,
          nicolae_vaults_storage_closets_1, nicolae_vaults_tetromino_T_1,
          hangedman_vaults_river_flow, nicolae_vaults_hallways_thing, v_misc_26,
          nicolae_vaults_layer_cake_slice, nicolae_vaults_little_squares_4,
          v_misc_4, layout_vaults_omnicross, uniq_frederick, uniq_norris
Vaults:5
Depths:1: layout_cave_shapes, enter_ziggurat_f, good_gods_mini_temple,
          grunt_mini_vestibule, chei_slow_surprise, minmay_shoptagon,
          uniq_enchantress
Depths:2: gammafunk_its_a_trap, layout_gridlike, hangedman_geh_valley,
          pan_entry, nicolae_qazlal_eye_of_the_storm,
          roderic_lattice_octagonal_star
Depths:3: nooodl_glass_maze, layout_long_grid, hangedman_decor_cross_pass,
          hangedman_coc_ice_floe, nicolae_abyss_entry_one_way_or_another,
          grunt_pan_entry_zigzag, evilmike_ambush [evilmike_ambush_outer_doors,
          evilmike_ambush_inner_pond], infiniplex_staircase_diamond
Depths:4: evilmike_zot_entry_gauntlet, layout_gridlike,
          grunt_hell_entry_dis_grunt, nicolae_twisting_strands, serial_shops,
          nicolae_shop_dealshenge, minmay_shop_grove, uniq_jory
Zot:1:    layout_basic, basic_altar, regret_index_zotdec_fiery_em,
          serial_nicolae_subway, nicolae_sub_station_stone,
          nicolae_sub_station_crystal, nicolae_sub_station_metal
Zot:2:    layout_gridville
Zot:3:    layout_onion_interference, uniq_parghit
Zot:4:    kennysheep_ambush_hall, layout_gridlike, ebering_ghost_rock_garden,
          lemuel_elevator
Zot:5:    layout_twisted_circle

Skill      XL: |  1  2  3  4  5  6  7  8  9 10 11 12 13 14 15 16 17 18 19 20 21 22 23 24 25 |
---------------+----------------------------------------------------------------------------+-----
Fighting       | 3 4 5 6 7 8 9 12 13 14 15 16 19 20 22 23 25 26 | 26.0
Armour         | 1 2 3 4 7 10 11 13 14 16 17 19 20 21 22 23 | 23.2
Dodging        | 3 4 5 6 9 11 14 15 19 | 19.5
Long Blades    | 2 9 11 13 15 17 19 20 22 | 22.4
Axes           | |  2.7
Throwing       | |  1.7

Action                     |  1- 3 |  4- 6 |  7- 9 | 10-12 | 13-15 | 16-18 | 19-21 | 22-24 | 25-27 || total
---------------------------+-------+-------+-------+-------+-------+-------+-------+-------+-------++-------
  Melee: War axe           |    61 |       |       |       |       |       |       |       |       ||    61
         Touch             |    10 |    58 |    64 |    31 |     1 |       |       |       |       ||   164
         Dagger            |    35 |   237 |   325 |   149 |       |       |       |       |       ||   746
         Short sword       |       |       |     5 |       |       |       |       |       |       ||     5
         Scimitar          |       |       |       |   319 |       |       |       |       |       ||   319
         Long sword        |       |       |       |    12 |       |       |       |       |       ||    12
         Great sword       |       |       |       |    50 |  1244 |  1276 |       |       |       ||  2570
         Spear             |       |       |       |       |     5 |       |       |       |       ||     5
         Triple sword      |       |       |       |       |       |    87 |  1739 |  1904 |    91 ||  3821
         Pair of quick bla |       |       |       |       |       |       |    13 |     7 |       ||    20
  Throw: Throwing net      |     1 |       |       |     2 |       |       |     1 |       |       ||     4
         Javelin           |     1 |       |     8 |     4 |       |       |       |       |       ||    13
         Dart              |       |       |       |    19 |    19 |       |       |       |       ||    38
 Invoke: Serpent's Lash    |       |       |       |       |     1 |       |       |       |       ||     1
         Heavenly Storm    |       |       |       |       |     4 |     7 |     9 |     8 |       ||    28
Ability: Lunge             |       |       |    16 |    43 |   131 |   184 |   134 |   148 |     9 ||   665
         Whirlwind         |       |       |     1 |    61 |   754 |   668 |   904 |   931 |    47 ||  3366
         Evoke Invisibilit |       |       |       |     1 |     2 |       |       |       |       ||     3
         Wall Jump         |       |       |       |       |     2 |       |       |     1 |       ||     3
         Evoke Blink       |       |       |       |       |       |       |     1 |     1 |       ||     2
  Evoke: Wand              |       |       |       |    12 |     6 |     4 |       |       |     5 ||    27
    Use: Scroll            |       |    13 |    11 |    14 |    12 |    22 |    10 |    27 |     6 ||   115
         Potion            |       |       |     1 |     9 |     8 |     5 |     4 |     8 |     2 ||    37
   Stab: Sleeping          |     1 |     1 |       |       |       |       |       |       |       ||     2
         Distracted        |       |       |       |     4 |     3 |     5 |     5 |     1 |       ||    18
         Invisible         |       |       |       |     1 |     4 |       |       |       |       ||     5
         Held in net/web   |       |       |       |     1 |       |     2 |       |       |       ||     3
         Confused          |       |       |       |       |     2 |     7 |       |       |       ||     9
         Paralysed         |       |       |       |       |     2 |     6 |       |       |       ||     8
         Petrifying        |       |       |       |       |       |     3 |       |       |       ||     3
         Petrified         |       |       |       |       |       |    11 |       |       |       ||    11
 Armour: Leather armour    |    61 |     9 |       |       |       |       |       |       |       ||    70
         Chain mail        |       |   118 |   252 |   370 |   877 |   656 |   703 |   291 |       ||  3267
         Gold dragon scale |       |       |       |       |       |       |       |   717 |    74 ||   791
  Dodge: Dodged            |    49 |   104 |   277 |   281 |   666 |   436 |   767 |   857 |    49 ||  3486
         Repelled          |       |       |       |       |    43 |   150 |    51 |   116 |     8 ||   368
  Block: Kite shield       |       |       |       |   125 |       |       |       |       |       ||   125

Table legend: (Time is in decaauts)
 A = Elapsed time spent in this place.
 B = Non-inter-level travel time spent in this place.
 C = Inter-level travel time spent in this place.
 D = Time resting spent in this place.
 E = Time spent auto-exploring this place.
 F = Levels seen in this place.
 G = Mean time per level.
                   A        B        C        D        E       F      G
               +--------+--------+--------+--------+--------+-----+--------+
         Total |  74430 |  66681 |   7749 |  17438 |  33889 |  49 | 1519.0 |
       Dungeon |  20322 |  17051 |   3271 |   2572 |  10680 |  15 | 1354.8 |
          Lair |   8195 |   7367 |    828 |   1978 |   3702 |   5 | 1639.0 |
        Shoals |   7795 |   7094 |    701 |   2616 |   2819 |   4 | 1948.8 |
     Snake Pit |   7860 |   7473 |    387 |   3229 |   2758 |   4 | 1965.0 |
  Orcish Mines |   3085 |   2850 |    235 |   1145 |   1112 |   2 | 1542.5 |
   Elven Halls |   6318 |   6026 |    292 |   1817 |   2692 |   3 | 2106.0 |
        Vaults |   8098 |   7198 |    900 |    968 |   4501 |   5 | 1619.6 |
        Depths |   6337 |   5425 |    912 |   1147 |   3081 |   4 | 1584.2 |
           Zot |   4537 |   4317 |    220 |   1325 |   1708 |   5 |  907.4 |
       Volcano |   1075 |   1075 |      0 |    394 |    416 |   1 | 1075.0 |
      Gauntlet |    805 |    805 |      0 |    241 |    418 |   1 |  805.0 |
               +--------+--------+--------+--------+--------+-----+--------+

Top non-repeatable levels by time:
 Snake:3: 2878 daAuts
 Snake:4: 2618 daAuts
  Lair:5: 2604 daAuts
    D:11: 2554 daAuts
   Elf:2: 2509 daAuts
   Zot:5: 2422 daAuts
    D:10: 2386 daAuts
   Orc:2: 2265 daAuts
Shoals:3: 2238 daAuts
     D:3: 2213 daAuts
   Elf:3: 2069 daAuts
Shoals:4: 2045 daAuts
Vaults:1: 2010 daAuts
Depths:4: 1894 daAuts
  Lair:2: 1889 daAuts
